 Dungeon Crawl Stone Soup version 0.21.1-1-g345015f (webtiles) character file.

1 teukkam the Magician (level 1, 0/13 HPs)
             Began as a Gnoll Wanderer on Feb 13, 2018.
             Slain by a bat (1 damage)
             ... on level 1 of the Dungeon.
             The game lasted 00:00:49 (69 turns).

teukkam the Magician (Gnoll Wanderer)                 Turns: 69, Time: 00:00:50

Health: 0/13       AC:  2    Str: 15    XL:     1   Next: 20%
Magic:  7/8        EV: 11    Int: 12    God:
Gold:   0          SH:  0    Dex: 15    Spells: 13/14 levels left

rFire    . . .     SeeInvis .   e - +0 club
rCold    . . .     Gourm    .   (no shield)
rNeg     . . .     Faith    .   d - +0 robe
rPois    .         Spirit   .   (no helmet)
rElec    .         Reflect  .   (no cloak)
rCorr    .         Harm     .   (no gloves)
MR       .....                  (boots currently unavailable)
Stlth    +.........             (no amulet)
HPRegen  0.04/turn              (no ring)
MPRegen  0.11/turn              (no ring)

@: appendage
A: distributed training, fangs 1, talons 3, strong nose
a: End Transformation


You were on level 1 of the Dungeon.
You were not hungry.
You had grown temporary talons.
You visited 1 branch of the dungeon, and saw 1 of its levels.

Inventory:

Hand Weapons
 e - a +0 club (weapon)
Armour
 d - a +0 robe (worn)
Scrolls
 g - 2 scrolls of identify {unknown}
 h - a scroll of enchant armour {unknown}
Potions
 c - a potion of curing
Books
 a - a book of Changes

   Spells                             Type                      Level
   a - Beastly Appendage              Transmutation                1
   b - Sticks to Snakes               Transmutation                2
   c - Spider Form                    Transmutation/Poison         3
   d - Ice Form                       Ice/Transmutation            4
   e - Blade Hands                    Transmutation                5
 b - Sif Muna's Almanac of Dislocation

   Spells                             Type                      Level
   a - Apportation                    Translocation                1
   b - Portal Projectile              Hexes/Translocation          3
Comestibles
 f - 2 rations


   Skills:
 + Level 0.0 Fighting
 + Level 0.0 Short Blades
 + Level 0.0 Long Blades
 + Level 0.0 Axes
 + Level 0.0 Maces & Flails
 + Level 0.0 Polearms
 + Level 0.0 Staves
 + Level 0.0 Slings
 + Level 0.0 Bows
 + Level 0.0 Crossbows
 + Level 2.3 Throwing
 + Level 0.0 Armour
 + Level 0.0 Dodging
 + Level 0.0 Stealth
 + Level 0.0 Shields
 + Level 0.0 Unarmed Combat
 + Level 7.0 Spellcasting
 + Level 0.0 Conjurations
 + Level 0.0 Hexes
 + Level 3.6 Charms
 + Level 0.0 Summonings
 + Level 0.0 Necromancy
 + Level 0.0 Translocations
 + Level 3.6 Transmutations
 + Level 0.0 Fire Magic
 + Level 1.9 Ice Magic
 + Level 0.0 Air Magic
 + Level 0.0 Earth Magic
 + Level 0.0 Poison Magic
 + Level 0.0 Invocations
 + Level 2.3 Evocations


You had 13 spell levels left.
You knew the following spells:

 Your Spells              Type           Power        Failure   Level  Hunger
a - Beastly Appendage     Tmut           ##....       3%          1    None


Dungeon Overview and Level Annotations

Branches:
Dungeon (1/15)

Altars:


Innate Abilities, Weirdness & Mutations

Your experience applies equally to all skills.
You have very sharp teeth.
Your uncanny sense of smell can sniff out nearby items.
You have claws for feet.


Message History

The bat closely misses you. The bat hits you but does no damage.
Casting: Beastly Appendage
Confirm with . or Enter, or press ? or * to list all spells.
Your feet morph into talons.
The bat barely misses you. The rat closely misses you.
Casting: Beastly Appendage
Confirm with . or Enter, or press ? or * to list all spells.
You fail to extend your transformation any further.
The rat barely misses you. The bat hits you but does no damage.
You closely miss the rat. You bite the rat, but do no damage.
The rat is heavily wounded.
The bat misses you. The rat bites you but does no damage.
You closely miss the rat.
The rat is heavily wounded.
The bat closely misses you. The bat hits you but does no damage.
The rat barely misses you. The ooze hits you.
* * * LOW HITPOINT WARNING * * *
The bat hits you.
You die...

##...##....
##..#..######
##..###..# ##..##
#..# ##..## #..##
##..## #..##
#####.J###########..#
#...rb...............
#.#.@###.##.#.†#.###.
##.#...##.#.###..#.
#........#........
...######.#.######.
#... #...# ##.. ##..
##### ##... ##. ∆
##...###...#
#...#..<..#...##
#...........##


You could see an ooze, a bat and a rat.

Vanquished Creatures
  A bat (D:1)
  A frilled lizard (D:1)
2 creatures vanquished.

Notes
Turn   | Place    | Note
-------+----------+-------------------------------------------
     0 | D:1      | teukkam the Gnoll Wanderer began the quest for the Orb.
     0 | D:1      | teukkam set off with: a book of Changes, Sif Muna's Almanac of Dislocation, a potion of curing, a +0 robe, a +0 club, a ration
     0 | D:1      | Reached XP level 1. HP: 13/13 MP: 8/8
     2 | D:1      | Identified Sif Muna's Almanac of Dislocation
     4 | D:1      | Learned a level 1 spell: Beastly Appendage
    69 | D:1      | Slain by a bat

Action                   || total
-------------------------++-------
Melee: Club              ||     8
       Bite              ||     2
       Headbutt          ||     1
 Cast: Beastly Appendage ||     4
Armor: Robe              ||    11
Dodge: Dodged            ||    17
